 Dungeon Crawl Stone Soup version 0.20-a0-927-g1ae2c61 (webtiles) character file.

2944 M4edhros the Covert (level 9, -3/52 HPs)
             Began as an Octopode Artificer on Mar 29, 2017.
             Was a Priest of Fedhas.
             Slain by a hog (13 damage)
             ... on level 7 of the Dungeon.
             The game lasted 00:16:17 (15105 turns).

M4edhros the Covert (Octopode Artificer)           Turns: 15105, Time: 00:16:18

Health: -3/52      AC:  2    Str:  9    XL:     9   Next: 80%
Magic:  13/13      EV: 15    Int: 13    God:    Fedhas [***...]
Gold:   547        SH:  0    Dex: 14    Spells: 8/8 levels left

rFire    + . .     SeeInvis .   O - +4 trident
rCold    . . .     Gourm    .   (no shield)
rNeg     . . .     Faith    .   (helmet restricted)
rPois    +         Spirit   .   (no amulet)
rElec    .         Reflect  .   g - ring of protection from cold
rCorr    .         Harm     .   F - ring of poison resistance
MR       .....                  L - ring of flight
Stlth    +++++++...             M - +1 ring of protection
Regen    0.0/turn               T - ring of fire
MPRegen  0.2/turn               (no ring)
                                (no ring)
                                (no ring)

@: no status effects
A: almost no armour, stealthy swim, amphibious, 8 rings, constrict 8, camouflage
1, clumsy 1, frail 1, mutation resistance 2, inhibited regeneration, weak 1,
gelatinous body 1
a: Fungal Bloom, Evolution, Sunlight, Growth, Renounce Religion, Evoke Flight


You were on level 7 of the Dungeon.
You worshipped Fedhas.
Fedhas was most pleased with you.
You were not hungry.

You visited 2 branches of the dungeon, and saw 8 of its levels.
You also visited: Sewer.

You collected 547 gold pieces.

Inventory:

Hand Weapons
 a - a +0 short sword
 f - a +1 dagger of holy wrath
 N - a +3 spear of pain
 O - a +4 trident (weapon)
Missiles
 p - 2 curare-tipped needles
Jewellery
 g - a ring of protection from cold (left tentacle)
 F - a ring of poison resistance (right tentacle)
 L - a ring of flight (on tentacle)
 M - a +1 ring of protection (on tentacle)
 T - a ring of fire (on tentacle)
Wands
 b - a wand of flame (9/48)
 c - a wand of enslavement (11/24)
 d - a wand of random effects (0/48)
 s - a wand of iceblast (4/15)
 u - a wand of random effects (17/48)
 P - a wand of confusion (21/48)
 R - a wand of polymorph (15/24)
Scrolls
 h - a scroll of fog {unknown}
 j - 4 scrolls of identify {unknown}
 k - a scroll of magic mapping {unknown}
 l - a scroll of blinking {unknown}
 m - 2 scrolls of amnesia {unknown}
 n - 3 scrolls of remove curse {unknown}
 q - 3 scrolls of noise {unknown}
 t - a scroll of random uselessness {unknown}
 y - 4 scrolls of fear {unknown}
 A - 6 scrolls of teleportation {unknown}
 D - a scroll of recharging {unknown}
 H - 2 scrolls of immolation {unknown}
 J - 2 scrolls of enchant armour {unknown}
 S - 2 scrolls of enchant weapon {unknown}
Potions
 e - 2 potions of might
 o - a potion of degeneration {unknown}
 r - a potion of agility {unknown}
 v - 2 potions of berserk rage
 w - 4 potions of curing {unknown}
 x - a potion of brilliance {unknown}
 z - 2 potions of magic
 B - a potion of haste {unknown}
 C - a potion of heal wounds
 E - 3 potions of lignification {unknown}
 G - a potion of mutation {unknown}
 I - a potion of experience {unknown}
 K - a potion of ambrosia {unknown}
 Q - a potion of invisibility {unknown}
Comestibles
 i - 8 fruits
 U - a meat ration


   Skills:
 + Level 4.1 Fighting
 - Level 1.0 Short Blades
 + Level 2.4 Polearms
 + Level 4.3 Dodging
 + Level 13.9 Stealth
 * Level 5.7 Invocations
 - Level 3.2 Evocations


You had 8 spell levels left.
You didn't know any spells.

Dungeon Overview and Level Annotations

Branches:
Dungeon (7/15)             Temple (1/1) D:5

Altars:
Ashenzari
Cheibriados
Dithmenos
Fedhas
Gozag
Hepliaklqana
Kikubaaqudgha
Makhleb
Okawaru
Qazlal
Ru
Sif Muna
Vehumet
Wu Jian
Xom
Yredelemnul
Zin
The Shining One

Shops:
D:4 (


Innate Abilities, Weirdness & Mutations

You cannot wear most types of armour.
You are very stealthy in the water. (Stealth+)
You are amphibious.
You can wear up to eight rings at the same time.
You can use your tentacles to constrict eight enemies at once.
Your skin changes colour to match your surroundings (Stealth+).
Your rubbery body absorbs attacks. (AC +1, EV +1)
You are clumsy. (Dex -2)
You are frail. (-10% HP)
You are somewhat resistant to both further mutation and mutation removal.
You do not regenerate when monsters are visible.
You are weak. (Str -2)


Message History

Attack whom?
Press: ? - help, Dir - move target cursor, f/p - hog
Aim: a hog (almost dead)
You could not reach far enough!
The hog bites your wandering mushroom.
Your wandering mushroom is destroyed!
You feel a little guilty.
You feel much better. The hog misses you. The hog bites you.
You closely miss the hog. Your grab misses the hog.
The hog is almost dead.
The hog barely misses you. The hog bites you!
* * * LOW HITPOINT WARNING * * *
Evoke which item? (* to show all) (? for menu, Esc to quit)
Aiming: Throw Flame
Press: ? - help, Shift-Dir - straight line, f/p - hog
Aim: a hog (almost dead)
The puff of flame misses the hog.
The puff of flame hits the hog.
The hog is severely wounded.
This wand has 9 charges left.
The hog bites you!
You die...
Fedhas appreciates your contribution to the ecosystem.

#.#
#..#..#..##..#.##.#
#f#
#..#..#..#..##.##.#
#.#
#..#####'#........#
#.##
#.....#.)...##.####
#..# #.....#........#
##.# ###.###.†.(....#
#.# #......h......##
#.######.#.###h#...###
#........#..##@#...#
#..####..##....##.##
#####
#..####..#........#
#..f.
###............#.####
#.###
.....####.##.#...#
#.###
###.......##.#####
#.#.. ###.########f#
#f#.# .##.# ##.##
########.#.. .##.#
#...# #).f.....###


You could see 2 hogs.

Vanquished Creatures
  A human (D:7)
  The ghost of valenzione the Shield-Bearer, an amateur MiFi of Makhleb (Sewer)
  2 hogs (D:7)
  Eustachio (D:4)
  Menkaure (D:5)
  A gnoll sergeant (D:5)
  An orc warrior (D:7)
  A black bear (D:4)
  A phantom (D:4)
  2 centaurs
  2 ogres (D:6)
  2 scorpions
  A howler monkey (D:6)
  A vampire bat (D:4)
  3 crimson imps
  A jelly (D:6)
  4 orc priests
  4 hounds
  2 orc wizards
  2 iguanas
  Terence (D:3)
  Natasha (thrice) (D:3)
  A hell rat (D:7)
  7 worker ants
  A hound skeleton (D:6)
  6 gnolls
  7 adders
  6 river rats (D:7)
  A shadow imp (D:5)
  2 oozes (Sewer)
  An adder skeleton (D:6)
  3 worms
  3 leopard geckos
  11 orcs
  3 ball pythons (Sewer)
  10 bats
  3 giant cockroaches
  7 goblins
  9 hobgoblins
  16 jackals
  7 quokkas (D:7)
  A frilled lizard (D:2)
  19 kobolds
  A quokka skeleton (D:6)
  25 rats
188 creatures vanquished.

Vanquished Creatures (collateral kills)
  A hornet (D:6)
  Duvessa (D:6)
  An ogre (D:5)
  Dowan (D:6)
  A scorpion (D:5)
  2 iguanas
  An orc wizard (D:6)
  3 gnolls
  3 orcs
  6 goblins (D:3)
  2 jackals
  A quokka (D:7)
  A bat (D:3)
  7 rats
31 creatures vanquished.

Vanquished Creatures (others)
  Pikel (D:4)
  A slave (D:4)
  3 wandering mushrooms
  A vampire bat (D:4)
  A howler monkey (D:4)
  A bullfrog skeleton (D:4)
  An iguana (D:4)
  Robin (D:3)
  A bat (D:4)
  130 toadstools
141 creatures vanquished.

Grand Total: 360 creatures vanquished

Notes
Turn   | Place    | Note
-------+----------+-------------------------------------------
     0 | D:1      | M4edhros the Octopode Artificer began the quest for the Orb.
     0 | D:1      | Reached XP level 1. HP: 13/13 MP: 3/3
    39 | D:1      | Reached skill level 2 in Stealth
   261 | D:1      | Reached skill level 3 in Stealth
   261 | D:1      | Reached XP level 2. HP: 18/18 MP: 4/4
   600 | D:2      | Found an iron altar of Okawaru.
   940 | D:3      | Reached skill level 4 in Stealth
   940 | D:3      | Reached XP level 3. HP: 14/23 MP: 5/5
  1092 | D:4      | Reached skill level 5 in Stealth
  1098 | D:4      | Reached XP level 4. HP: 21/28 MP: 6/6
  1197 | D:4      | Reached skill level 6 in Stealth
  1271 | D:4      | Found Osirr's Weapon Shop.
  1298 | D:4      | Noticed a phantom
  1335 | D:4      | Noticed a black bear
  1348 | D:4      | Killed a black bear
  1348 | D:4      | Reached skill level 7 in Stealth
  1348 | D:4      | Reached XP level 5. HP: 10/33 MP: 7/7
  1513 | D:4      | Noticed Pikel
  1513 | D:4      | Noticed a slave
  1513 | D:4      | Noticed a slave
  1513 | D:4      | Noticed a slave
  1513 | D:4      | Noticed a slave
  1529 | D:4      | Reached skill level 8 in Stealth
  1574 | D:4      | Killed Pikel
  1587 | D:4      | Reached XP level 6. HP: 38/38 MP: 8/8
  1636 | D:4      | Noticed Eustachio
  1645 | D:4      | Killed Eustachio
  1645 | D:4      | Reached skill level 9 in Stealth
  1776 | D:4      | Killed a freed slave
  2018 | D:4      | Killed a phantom
  2018 | D:4      | Reached skill level 10 in Stealth
  2018 | D:4      | Reached XP level 7. HP: 41/43 MP: 9/9
  2312 | D:5      | Entered Level 5 of the Dungeon
  2315 | D:5      | Reached skill level 11 in Stealth
  2497 | D:5      | Found a staircase to the Ecumenical Temple.
  2497 | D:5      | Noticed Menkaure
  2504 | D:5      | Killed Menkaure
  2508 | Temple   | Entered the Ecumenical Temple
  2539 | Temple   | Became a worshipper of Xom of Chaos
  2599 | D:5      | Found a glowing drain.
  2604 | Sewer    | Entered a sewer
  2632 | Sewer    | Noticed valenzione's ghost (amateur MiFi)
  2635 | Sewer    | XOM: butterfly on damage
  2639 | Sewer    | XOM: potion effect (berserk rage)
  2649 | Sewer    | Killed valenzione's ghost
  2649 | Sewer    | Reached skill level 12 in Stealth
  2649 | Sewer    | Reached XP level 8. HP: 28/48 MP: 10/10
  2715 | Sewer    | XOM: divination: detect items
  2860 | Sewer    | XOM: enchant monster (bad)
  3607 | Temple   | XOM: summons 4 hostile demons
  4067 | Temple   | XOM: 1-stop teleportation journey
  4101 | Temple   | XOM: silly message
  5002 | Temple   | XOM: give mutations
  5002 | Temple   | Gained mutation: You are clumsy. (Dex -2) [Xom's mischief]
  5002 | Temple   | Gained mutation: You are frail. (-10% HP) [Xom's mischief]
  5002 | Temple   | Gained mutation: You do not regenerate when monsters are visible. [Xom's mischief]
  5132 | Temple   | XOM: severe Air miscast
  5760 | Temple   | XOM: silly message
  5874 | Temple   | XOM: harmless Tmut miscast
  6446 | Temple   | XOM is BORED!
  8920 | Temple   | XOM: noise
  9476 | Temple   | XOM is BORED!
  9729 | Temple   | XOM: summons 4 hostile demons
 10091 | Temple   | XOM: god gift: golden potion {god gift}
 10517 | Temple   | Fell from the grace of Xom
 10517 | Temple   | Became a worshipper of Fedhas Madash
 11063 | D:1      | Reached * piety under Fedhas
 11609 | D:3      | Noticed Terence
 11620 | D:3      | Killed Terence
 11629 | D:3      | Noticed Robin
 11640 | D:3      | Your ally died
 11661 | D:3      | Reached skill level 1 in Invocations
 11671 | D:3      | Reached ** piety under Fedhas
 11720 | D:3      | Reached skill level 13 in Stealth
 11804 | D:3      | Noticed Natasha
 11810 | D:3      | Killed Natasha
 11848 | D:3      | Noticed Natasha
 11855 | D:3      | Killed Natasha
 11917 | D:3      | Noticed Natasha
 11926 | D:3      | Killed Natasha
 12114 | D:3      | XOM: polymorph wandering mushroom -> oklob plant
 12139 | D:3      | XOM: summons 8 hostile demons
 13124 | D:5      | XOM: give mutations
 13124 | D:5      | Gained mutation: You are weak. (Str -2) [Xom's mischief]
 13124 | D:5      | Gained mutation: You are somewhat resistant to further mutation. [Xom's mischief]
 13124 | D:5      | Gained mutation: You are somewhat resistant to both further mutation and mutation removal. [Xom's mischief]
 13215 | D:6      | Found a stormy altar of Qazlal.
 13276 | D:6      | Noticed Duvessa
 13310 | D:6      | Noticed Dowan
 13316 | D:6      | Killed Duvessa
 13316 | D:6      | Reached XP level 9. HP: 50/50 MP: 11/11
 13322 | D:6      | Killed Dowan
 13720 | D:6      | XOM: polymorph wandering mushroom -> oklob plant
 13806 | D:6      | Reached skill level 1 in Polearms
 14255 | D:6      | Noticed a hornet
 14277 | D:6      | Killed a hornet
 14423 | D:7      | Reached skill level 5 in Invocations
 14779 | D:7      | Reached *** piety under Fedhas
 14845 | D:7      | XOM: noise
 15105 | D:7      | Slain by a hog

Vault maps used:
D:1:      minmay_arrival_stone_box
D:2:      okawaru_altar_gauntlet_db
D:3:      uniq_robin, uniq_terence, uniq_natasha
D:4:      black_bear_nest_1, serial_shops, shop,
          minmay_guarded_unrand_vampires_tooth, uniq_eustachio, uniq_pikel
D:5:      temple_hall, gup_sewer_entry_bowl, first_bread, uniq_menkaure
D:6:      kennysheep_big_flooded_room, basic_altar, uniq_duvessa
D:7:      lemuel_ratsnest, grunt_livestock
Temple:   regret_index_temple_sphere_string
Sewer:    sewer_co_15_rooms

Skill      XL: |  1  2  3  4  5  6  7  8  9 |
---------------+----------------------------+-----
Stealth        | 3 4 5 7 8 10 12 13 | 13.9
Invocations    | 3 5 |  5.7
Fighting       | 3 4 |  4.1
Dodging        | 3 4 |  4.3
Polearms       | 2 |  2.4
Short Blades   | |  1.0
Evocations     | |  3.2

Action                   |  1- 3 |  4- 6 |  7- 9 || total
-------------------------+-------+-------+-------++-------
Melee: Short sword       |    36 |    39 |   124 ||   199
       Constrict         |     8 |     8 |    94 ||   110
       Tentacles         |     6 |     8 |    63 ||    77
       Dagger            |       |       |   106 ||   106
       Trident           |       |       |   163 ||   163
Invok: Fungal Bloom      |       |       |    52 ||    52
       Evolution         |       |       |     5 ||     5
       Sunlight          |       |       |     1 ||     1
Evoke: Wand              |     3 |     5 |    20 ||    28
  Use: Potion            |       |       |     5 ||     5
 Stab: Sleeping          |     4 |     2 |    36 ||    42
       Confused          |     1 |     2 |     4 ||     7
       Distracted        |       |       |     2 ||     2
  Eat: Chunk             |       |     3 |     6 ||     9
       Bread ration      |       |       |     5 ||     5
       Royal jelly       |       |       |     4 ||     4
       Meat ration       |       |       |     1 ||     1
Armor: Skin              |     6 |     1 |    26 ||    33
Dodge: Dodged            |    30 |    33 |   288 ||   351
